Map: Primeval Wilds

Players

ironfist

  • Race: Terran Terran
  • Spawn Location: 6:00

Infamous

  • Race: Protoss Protoss
  • League: Silver
  • Spawn Location: 5:00

Vinla

  • Race: Protoss Protoss
  • League: Bronze
  • Spawn Location: 6:00

Tigger

  • Race: Terran Terran
  • Spawn Location: 7:00

lolsex

  • Race: Zerg Zerg
  • League: Diamond
  • Spawn Location: 3:00

hikerLin

  • Race: Protoss Protoss
  • League: Diamond
  • Spawn Location: 9:00

TaiwanCannon

  • Race: Zerg Zerg
  • League: Diamond
  • Spawn Location: 12:00

TIGER

  • Race: Zerg Zerg
  • Spawn Location: 12:00

VOD

Have the link to the VOD?

Description

Time

  • Played on: March 20, 2018, 11:46 a.m.
  • Length: 6:00
Show
View Real Time Build Order
Export as new Build Order

ironfist Terran 

Build Orders:  

Get SALT Encoding   

  12  0:13  Refinery  
  12  0:57  Refinery  
  12  2:09  Supply Depot  
  12  2:11  Supply Depot  
  12  2:16  Supply Depot  
  12  3:27  Barracks  
  12  3:28  Barracks  
  12  4:19  Engineering Bay  
  12  4:25  Bunker  
  12  4:30  Bunker  
  12  4:51  Reaper  
  13  4:56  Reaper  
  5  5:24  Reaper, Missile Turret  
  5  5:28  Reaper  
Show
View Real Time Build Order
Export as new Build Order

Infamous Protoss 

Build Orders: 1 Gate Expand 

Get SALT Encoding   

  12  0:01  Probe  
  13  0:18  Pylon  
  13  0:19  Probe  
  14  0:36  Gateway  
  14  0:38  Probe (Chrono Boost)  
  16  0:50  Probe (Chrono Boost)  
  16  0:59  Probe (Chrono Boost)  
  18  1:11  Probe (Chrono Boost)  
  18  1:22  Nexus  
  18  1:31  Cybernetics Core  
  18  1:41  Probe  
  19  1:48  Assimilator  
  19  1:55  Probe  
  19  1:57  Pylon  
  20  2:12  Probe  
  21  2:17  Forge  
  21  2:30  Assimilator  
  21  2:31  Probe  
  21  2:35  Probe  
  23  2:46  Probe  
  24  2:55  Pylon  
  24  2:56  Probe, Pylon  
  25  2:58  Pylon  
  25  3:01  Warp Gate (Chrono Boost)  
  25  3:22  Pylon  
  25  3:23  Probe x2  
  25  3:25  Photon Cannon  
  27  3:41  Stargate  
  27  4:11  Stalker  
  27  4:14  Probe  
  28  4:26  Stargate  
  28  4:31  Nexus  
  18  5:03  Shield Battery  
  18  5:06  Probe  
  19  5:18  Probe  
  1  5:43  Probe (Chrono Boost)  
  2  5:53  Probe (Chrono Boost)  
Show
View Real Time Build Order
Export as new Build Order

Vinla Protoss 

Build Orders:  

Get SALT Encoding   

  12  0:05  Probe  
  13  0:20  Pylon  
  13  0:21  Probe  
  14  0:32  Pylon  
  14  0:37  Probe  
  15  0:46  Pylon  
  15  1:07  Forge  
  15  1:34  Nexus  
  15  1:45  Probe  
  16  1:57  Probe  
  17  2:05  Pylon, Assimilator  
  17  2:09  Probe  
  17  2:10  Assimilator  
  18  2:16  Photon Cannon  
  18  2:26  Photon Cannon  
  18  2:43  Photon Cannon  
  18  2:47  Probe  
  19  2:54  Pylon  
  19  3:00  Probe  
  20  3:12  Photon Cannon  
  19  3:15  Pylon  
  19  3:28  Gateway  
  19  3:32  Probe  
  20  3:36  Assimilator  
  20  3:42  Assimilator  
  20  3:44  Probe  
  20  3:47  Probe  
  22  3:54  Photon Cannon  
  22  4:07  Photon Cannon  
  22  4:13  Photon Cannon  
  22  4:22  Photon Cannon  
  21  4:37  Photon Cannon  
  18  4:45  Photon Cannon  
  18  5:06  Photon Cannon  
  18  5:42  Cybernetics Core  
Show
View Real Time Build Order
Export as new Build Order

Tigger Terran 

Build Orders:  

Get SALT Encoding   

  12  0:04  SCV  
  13  0:16  SCV  
  14  0:28  SCV  
  14  0:34  Supply Depot  
  14  0:35  Refinery  
  15  0:45  Refinery  
  15  1:03  Engineering Bay  
  15  1:35  Barracks  
  15  1:41  Planetary Fortress  
  15  2:02  Missile Turret  
  15  2:07  Hi-Sec Auto Tracking  
  15  2:23  Barracks Reactor  
  15  2:44  Bunker  
  15  3:01  Reaper  
  15  3:02  Reaper  
  17  3:12  Factory  
  17  3:20  Supply Depot  
  17  3:37  Reaper  
  17  3:38  Reaper  
  19  4:01  Factory Reactor  
  19  4:35  Reaper x2  
  16  4:55  Cyclone x2  
  22  5:23  Reaper x2  
Show
View Real Time Build Order
Export as new Build Order

lolsex Zerg 

Build Orders: Hatch First 

Get SALT Encoding   

  12  0:01  Drone  
  13  0:09  Drone  
  14  0:24  Overlord  
  14  0:44  Drone  
  14  0:49  Hatchery  
  14  0:56  Drone  
  15  0:59  Drone  
  16  1:09  Drone  
  16  1:10  Extractor  
  16  1:12  Drone  
  17  1:26  Spawning Pool  
  16  1:33  Drone  
  16  1:35  Drone  
  18  1:40  Drone  
  19  1:50  Drone  
  20  2:01  Drone  
  20  2:07  Extractor, Overlord  
  20  2:13  Queen  
  20  2:14  Drone  
  23  2:21  Queen  
  25  2:27  Drone x2  
  27  2:30  Drone  
  28  2:39  Drone  
  28  2:40  Drone  
  30  2:47  Drone  
  30  2:50  Lair  
  31  2:54  Drone  
  31  2:56  Drone  
  33  3:10  Drone  
  33  3:11  Drone  
  33  3:12  Overlord  
  35  3:16  Extractor  
  34  3:27  Drone x2  
  34  3:28  Overlord x2  
  34  3:31  Drone  
  34  3:32  Drone x4  
  41  3:53  Infestation Pit  
  41  3:55  Drone  
  41  3:56  Overlord  
  41  3:57  Drone x3  
  41  4:00  Extractor  
  43  4:05  Nydus Network  
  42  4:23  Drone x2  
  44  4:29  Overlord  
  44  4:39  Overseer  
  44  4:40  Overseer x2  
  44  4:41  Pneumatized Carapace  
  44  4:42  Overseer x2  
  44  4:50  Overlord x3  
  44  4:59  Drone, Hatchery  
  44  5:02  Drone x3  
  44  5:03  Drone  
  48  5:09  Overlord x2  
  48  5:10  Overseer  
  48  5:12  Overseer  
  48  5:15  Overseer  
  48  5:16  Overlord  
  48  5:21  Overseer  
  48  5:22  Overseer x2  
  48  5:26  Overlord x2  
  48  5:36  Overseer x2  
  48  5:38  Overlord x3  
  48  5:40  Overseer  
  48  5:47  Drone x4  
Show
View Real Time Build Order
Export as new Build Order

hikerLin Protoss 

Build Orders: Dark Templar Rush 

Get SALT Encoding   

  12  0:04  Probe  
  13  0:16  Probe  
  14  0:28  Probe  
  15  0:30  Pylon  
  15  0:48  Probe, Gateway  
  16  0:54  Assimilator  
  16  1:00  Probe  
  17  1:12  Probe  
  17  1:13  Assimilator  
  18  1:24  Probe  
  19  1:36  Probe  
  19  1:38  Cybernetics Core  
  20  1:48  Probe  
  21  1:57  Pylon  
  21  2:03  Probe  
  22  2:15  Probe  
  23  2:37  Twilight Council  
  23  2:41  Probe  
  23  2:43  Nexus  
  24  2:46  Pylon  
  24  2:55  Warp Gate (Chrono Boost)  
  24  3:03  Probe  
  25  3:10  Gateway  
  25  3:18  Dark Shrine  
  25  3:19  Probe  
  26  3:36  Robotics Facility  
  26  3:42  Probe  
  27  3:54  Probe (Chrono Boost)  
  28  3:56  Probe (Chrono Boost)  
  28  4:01  Assimilator  
  29  4:06  Probe x2 (Chrono Boost)  
  31  4:10  Probe (Chrono Boost)  
  31  4:11  Probe (Chrono Boost), Gateway  
  33  4:20  Probe (Chrono Boost)  
  33  4:23  Probe (Chrono Boost), Warp Prism (Chrono Boost)  
  37  4:32  Probe (Chrono Boost)  
  37  4:35  Probe (Chrono Boost)  
  39  4:41  Probe (Chrono Boost)  
  39  4:42  Probe (Chrono Boost), Pylon  
  41  4:55  Dark Templar x2  
  45  5:06  Dark Templar  
  47  5:12  Probe x2  
  49  5:22  Gateway  
  49  5:24  Probe  
  49  5:25  Probe  
  49  5:26  Gateway  
  49  5:28  Assimilator  
  51  5:36  Probe  
Show
View Real Time Build Order
Export as new Build Order

TaiwanCannon Zerg 

Build Orders: Hatch First 

Get SALT Encoding   

  12  0:02  Drone  
  13  0:14  Overlord  
  13  0:17  Drone  
  14  0:32  Drone  
  14  0:33  Drone  
  16  0:38  Drone  
  17  0:47  Drone  
  18  0:59  Drone  
  18  1:00  Hatchery  
  18  1:09  Drone  
  19  1:19  Spawning Pool  
  19  1:21  Extractor  
  19  1:22  Drone, Extractor  
  17  1:30  Drone  
  18  1:48  Drone  
  19  2:00  Drone  
  20  2:03  Hatchery  
  19  2:11  Metabolic Boost  
  19  2:15  Queen  
  19  2:21  Zergling x2  
  22  2:27  Zergling x4  
  24  2:31  Zergling x2  
  24  2:35  Zergling x2  
  26  2:40  Zergling x2  
  27  2:49  Overlord  
  27  2:53  Zergling x2  
  27  3:10  Zergling x6  
  27  3:11  Zergling x4  
  31  3:19  Zergling x2  
  31  3:23  Zergling x2  
  31  3:25  Baneling Nest  
  31  3:29  Lair  
  31  3:30  Zergling x6  
  34  3:34  Drone  
  34  3:35  Evolution Chamber  
  34  3:42  Drone  
  35  4:05  Overlord x2  
  35  4:11  Overlord  
  35  4:12  Overlord  
  31  4:46  Drone x2  
  31  4:47  Drone x6  
  31  4:48  Queen  
  39  4:56  Drone  
  38  5:00  Drone x2  
  40  5:12  Drone x2  
  42  5:21  Drone x4  
  46  5:32  Spore Crawler  
  46  5:33  Drone x2  
  47  5:36  Extractor  
  47  5:38  Extractor  
Show
View Real Time Build Order
Export as new Build Order

TIGER Zerg 

Build Orders: Hatch First 

Get SALT Encoding   

  12  0:08  Drone  
  12  0:12  Drone  
  14  0:16  Overlord  
  14  0:35  Drone  
  15  0:36  Drone  
  17  0:42  Drone  
  17  0:55  Hatchery  
  16  1:11  Spawning Pool  
  15  1:13  Drone  
  15  1:15  Drone  
  15  1:18  Drone  
  18  1:22  Extractor  
  17  1:26  Drone  
  18  1:37  Drone  
  19  1:46  Overlord  
  19  2:03  Queen  
  19  2:08  Queen  
  23  2:10  Drone  
  23  2:11  Drone  
  23  2:12  Drone  
  26  2:23  Zergling x4  
  26  2:28  Metabolic Boost  
  28  2:33  Zergling x4  
  30  2:46  Zergling x2  
  30  2:47  Zergling x2  
  32  2:55  Zergling x4, Baneling Nest  
  33  3:02  Zergling x4  
  35  3:16  Overlord  
  35  3:17  Overlord  
  36  3:20  Zergling x2  
  36  3:37  Zergling x12  
  42  3:42  Zergling x2  
  43  3:50  Zergling x6  
  43  3:52  Baneling x4  
  43  3:53  Baneling x3  
  43  3:54  Zergling x2  
  47  3:57  Zergling x2  
  47  3:58  Zergling x4  
  50  4:05  Zergling x2  
  43  4:27  Zergling x12  
  43  4:56  Zergling x12  
  49  5:01  Overlord  
  49  5:02  Overlord  
  49  5:03  Zergling x2  
  49  5:04  Zergling x2  
  49  5:37  Baneling  
  49  5:38  Baneling x10  
  49  5:39  Zergling x2  
  49  5:40  Zergling x18  
  59  5:45  Drone x2  
Tags
 
Add a new tag
Caveats
  • Supply blocks, unpowered buildings, or Contaminate may cause inaccurate times.
  • Supply counts are checked every 10 seconds.